Map: Zen LE

Players

Avoš - Winner!

  • Race: Protoss Protoss
  • Spawn Location: 7:00

BMXPROBMX

  • Race: Terran Terran
  • League: Gold
  • Spawn Location: 1:00

VOD

Have the link to the VOD?

Description

Time

  • Played on: May 2, 2020, 4:09 p.m.
  • Length: 19:23
Show
View Real Time Build Order
Export as new Build Order

Avoš Protoss - Winner!

Build Orders: Double Forge 

Get SALT Encoding   

  12  0:01  Probe  
  13  0:13  Probe (Chrono Boost)  
  14  0:19  Pylon  
  14  0:26  Probe (Chrono Boost)  
  15  0:37  Gateway  
  15  0:38  Probe  
  16  0:50  Probe  
  16  0:54  Assimilator  
  17  1:02  Probe (Chrono Boost)  
  18  1:14  Probe (Chrono Boost)  
  19  1:25  Cybernetics Core  
  19  1:27  Probe  
  20  1:41  Probe  
  20  1:43  Pylon  
  20  1:46  Zealot  
  23  2:01  Probe  
  23  2:04  Warp Gate (Chrono Boost)  
  24  2:13  Stalker  
  24  2:14  Probe  
  27  2:26  Probe  
  28  2:36  Assimilator  
  28  2:38  Probe  
  29  2:51  Pylon  
  29  2:55  Nexus  
  29  2:56  Probe  
  30  3:08  Probe  
  31  3:13  Gateway x2  
  31  3:20  Probe  
  32  3:28  Twilight Council  
  32  3:33  Probe  
  33  3:43  Forge  
  33  3:44  Forge  
  33  3:45  Probe  
  34  3:57  Probe  
  34  4:01  Assimilator  
  35  4:03  Charge (Chrono Boost)  
  35  4:06  Assimilator  
  35  4:09  Probe  
  36  4:11  Probe  
  37  4:18  Zealot x3  
  37  4:21  Probe  
  37  4:23  Probe  
  45  4:36  Pylon, Protoss Ground Weapons Level 1 (Chrono Boost)  
  45  4:37  Protoss Ground Armor Level 1 (Chrono Boost)  
  45  4:38  Pylon  
  37  4:53  Probe  
  37  4:54  Probe  
  37  5:02  Stalker x3  
  37  5:05  Probe  
  37  5:06  Probe  
  45  5:36  Zealot x3  
  51  5:46  Probe x2  
  53  5:58  Probe x2  
  53  6:00  Pylon  
  53  6:03  Pylon  
  55  6:07  Photon Cannon  
  55  6:10  Probe x2  
  57  6:16  Photon Cannon  
  57  6:22  Photon Cannon  
  57  6:24  Photon Cannon  
  57  6:31  Photon Cannon  
  57  6:34  Shield Battery  
  57  6:36  Protoss Shields Level 1 (Chrono Boost), Protoss Ground Weapons Level 2 (Chrono Boost)  
  57  6:55  Protoss Air Weapons Level 1  
  57  7:14  Nexus  
  57  7:21  Gateway x2  
  57  7:30  Pylon  
  57  7:32  Probe x2  
  57  7:34  Pylon  
  57  7:36  Assimilator  
  59  7:41  Assimilator  
  59  7:42  Zealot  
  59  7:43  Zealot x2  
  65  7:44  Probe  
  65  7:45  Probe  
  67  7:55  Pylon  
  67  7:56  Probe  
  68  8:00  Pylon  
  68  8:01  Probe  
  68  8:03  Photon Cannon  
  69  8:06  Photon Cannon  
  69  8:09  Probe  
  70  8:13  Probe  
  71  8:21  Probe, Protoss Ground Armor Level 2 (Chrono Boost)  
  72  8:27  Pylon  
  72  8:50  Robotics Facility  
  72  8:51  Robotics Facility  
  72  8:58  Stargate  
  72  8:59  Stargate  
  72  9:01  Stargate  
  72  9:04  Protoss Shields Level 2 (Chrono Boost)  
  72  9:19  Probe x3  
  75  9:24  Zealot x2  
  75  9:25  Zealot x3  
  75  9:31  Probe x3  
  87  9:37  Blink (Chrono Boost)  
  88  9:57  Fleet Beacon, Protoss Air Armor Level 1  
  88  10:14  Immortal  
  88  10:15  Immortal  
  88  10:18  Void Ray x2  
  104  10:24  Probe x3  
  107  10:36  Probe  
  108  10:46  Pylon  
  108  10:54  Immortal x2  
  116  10:59  Protoss Ground Weapons Level 3 (Chrono Boost)  
  116  11:17  Carrier x3  
  134  11:22  Stalker  
  134  11:23  Stalker x3  
  142  11:27  Protoss Ground Armor Level 3 (Chrono Boost)  
  142  11:33  Immortal  
  142  11:39  Pylon  
  146  11:40  Pylon  
  146  11:41  Pylon  
  146  11:43  Pylon  
  146  11:52  Nexus  
  146  11:55  Assimilator  
  146  11:58  Assimilator  
  146  12:04  Pylon  
  146  12:07  Pylon  
  146  12:11  Protoss Air Weapons Level 2 (Chrono Boost)  
  146  12:49  Observer  
  146  12:50  Observer  
  148  13:01  Pylon  
  148  13:02  Probe x3  
  151  13:10  Immortal  
  151  13:11  Immortal  
  159  13:13  Stalker x3  
  159  13:14  Probe x2, Stalker x2  
  171  13:36  Void Ray x3  
  183  13:47  Protoss Shields Level 3 (Chrono Boost)  
  183  14:18  Zealot  
  183  14:19  Void Ray x2, Zealot x3  
  199  14:38  Protoss Air Armor Level 2  
  199  14:40  Gateway  
  199  14:41  Gateway  
  199  14:44  Gateway  
  153  16:49  Void Ray x3  
  153  16:52  Immortal x2  
  173  17:31  Void Ray, Immortal x2  
  173  17:32  Void Ray x2  
  173  17:34  Zealot x3  
Show
View Real Time Build Order
Export as new Build Order

BMXPROBMX Terran 

Build Orders:  

Get SALT Encoding   

  12  0:17  Supply Depot  
  12  0:23  Refinery  
  12  0:25  Refinery  
  12  0:41  Barracks  
  12  1:00  SCV  
  13  1:12  SCV  
  14  1:24  SCV  
  15  1:30  Barracks Reactor  
  15  1:36  SCV  
  15  1:39  Supply Depot  
  16  1:48  Factory  
  16  1:55  SCV  
  17  2:07  SCV, Marine  
  17  2:08  Marine  
  20  2:19  SCV  
  21  2:30  Marine x2  
  21  2:34  Factory Tech Lab  
  23  2:40  Supply Depot  
  23  2:49  Marine x2  
  25  3:02  Supply Depot  
  25  3:03  Cyclone  
  28  3:15  Marine x2  
  30  3:35  Cyclone  
  33  3:46  SCV  
  34  3:54  Armory  
  34  3:58  SCV  
  35  4:08  Siege Tank  
  38  4:23  Marine x2  
  40  4:40  Marine, Siege Tank  
  40  4:41  Marine  
  34  5:21  Siege Tank  
  37  5:23  Marine x2  
  38  5:41  Marine x2  
  40  5:46  Starport  
  40  5:53  Siege Tank  
  43  6:00  Terran Vehicle Weapons Level 1  
  43  6:06  Engineering Bay  
  43  6:08  Engineering Bay  
  43  6:09  SCV  
  44  6:21  SCV  
  45  6:26  Starport Reactor  
  45  6:33  SCV  
  46  6:47  Command Center  
  46  6:55  SCV  
  47  7:07  Refinery  
  47  7:15  Terran Infantry Weapons Level 1, Terran Infantry Armor Level 1  
  47  7:25  Orbital Command  
  47  7:32  Refinery  
  47  7:58  Marine x2  
  50  8:05  SCV  
  50  8:16  Marine x2  
  50  8:17  SCV  
  53  8:30  SCV  
  54  8:34  Marine x2  
  56  8:42  SCV  
  56  8:47  Ghost Academy  
  57  8:54  SCV  
  58  9:00  SCV  
  59  9:06  SCV  
  60  9:12  SCV, Medivac x2  
  65  9:18  SCV  
  66  9:24  SCV  
  66  9:29  Personal Cloaking  
  66  9:30  SCV  
  68  9:36  SCV, Terran Vehicle Weapons Level 2  
  69  9:39  Terran Infantry Weapons Level 2  
  69  9:40  Terran Infantry Armor Level 2  
  69  9:42  SCV  
  70  10:00  SCV, Medivac x2  
  70  10:01  Orbital Command  
  75  10:17  Barracks  
  75  10:26  Factory  
  75  11:05  Barracks Tech Lab  
  75  11:29  Factory Tech Lab  
  75  11:35  Siege Tank  
  78  11:40  Marine  
  78  11:41  Marine  
  78  11:44  Ghost  
  82  11:52  Ghost Academy  
  82  11:53  Terran Vehicle And Ship Armor Level 1  
  82  11:58  Marine x2  
  84  12:05  Liberator x2  
  84  12:07  Siege Tank  
  93  12:23  Ghost Academy  
  93  12:24  Nuke  
  93  12:26  Nuke  
  93  12:37  Marine  
  94  13:01  Supply Depot, Terran Infantry Weapons Level 3  
  94  13:22  Ghost, Marine x2  
  94  13:23  Supply Depot, Siege Tank  
  101  13:35  Terran Infantry Armor Level 3, Liberator  
  101  13:40  Marine  
  105  13:47  Terran Vehicle Weapons Level 3  
  105  13:48  Combat Shield  
  105  13:51  Ghost  
  105  13:54  Nuke  
  107  14:00  Enhanced Shockwaves  
  107  14:16  Marine x2  
  109  14:19  Ghost  
  111  14:28  Ghost Academy  
  111  14:34  Marine x2  
  113  15:02  Nuke  
  113  15:07  Stimpack  
  103  15:26  Liberator x2  
  83  15:46  Marine x2  
  57  16:04  Marine x2  
    17:45  Orbital Command  
    18:11  SCV  
  1  18:24  SCV  
  2  18:29  Supply Depot  
  2  18:36  SCV  
  2  18:38  Refinery  
  4  18:51  Refinery  
Tags
 
League
Gold
Matchup
PvT
Spawn Locations
Cross Positions
Add a new tag
Caveats
  • Supply blocks, unpowered buildings, or Contaminate may cause inaccurate times.
  • Supply counts are checked every 10 seconds.